[Event "Titled Tuesday Blitz November 08 Late 2022"]
[White "Roque Sola, Gisela"]
[Black "Principe, Gerson"]
[WhiteFideId "5120241"]
[BlackFideId "3804550"]
[WhiteElo "1961"]
[BlackElo "2280"]
[Result "0-1"]
[Round "01"]
[TimeControl "180+1"]
[Date "2022.11.09"]
[WhiteClock "0:00:03"]
[BlackClock "0:01:30"]

1. c4 e6 2. Nf3 b6 3. g3 Bb7 4. Bg2 f5 5. d3 Nf6 6. Nc3 Bb4 7. O-O Bxc3 8. bxc3 O-O 9. Qb3 Nc6 10. Ba3 Re8 11. Qc2 e5 12. Nd2 d6 13. Rab1 Na5 14. Bxb7 Nxb7 15. d4 e4 16. c5 dxc5 17. dxc5 Qd5 18. Qb3 Na5 19. Qxd5+ Nxd5 20. Bb4 Nc6 21. cxb6 axb6 22. a3 e3 23. fxe3 Nxe3 24. Rf2 g6 25. c4 Rad8 26. Nf3 Ng4 27. Rg2 Nd4 28. Nxd4 Rxd4 29. c5 Rde4 30. cxb6 cxb6 31. Bc3 Rxe2 32. Rxe2 Rxe2 33. Rxb6 Nxh2 34. a4 Ra2 35. a5 Nf3+ 36. Kf1 Nd2+ 37. Bxd2 Rxd2 38. a6 Ra2 39. Rb8+ Kg7 40. Rb7+ Kf6 41. a7 h6 42. Rh7 Kg5 43. Rb7 Kg4 44. Rg7 g5 45. Rh7 Kxg3 46. Rxh6 Rxa7 47. Rg6 g4 0-1


[Site "https://www.chess.com"]

[Event "Titled Tuesday Blitz November 08 Late 2022"]
[White "Rosen, Eric"]
[Black "Rodriguez Santiago, Jaime"]
[WhiteFideId "2032562"]
[BlackFideId "3100898"]
[WhiteElo "2362"]
[BlackElo "2025"]
[Result "1-0"]
[Round "01"]
[TimeControl "180+1"]
[Date "2022.11.09"]
[WhiteClock "0:00:26"]
[BlackClock "0:00:21"]

1. d4 Nf6 2. Bf4 d5 3. e3 c5 4. Nf3 Nc6 5. Nbd2 Qb6 6. dxc5 Qxc5 7. a3 Bg4 8. b4 Qb6 9. Be2 a6 10. O-O e6 11. c4 Be7 12. Rc1 O-O 13. h3 Bh5 14. Qb3 dxc4 15. Nxc4 Qa7 16. Rfd1 Rfd8 17. Bc7 Rxd1+ 18. Rxd1 Rc8 19. Bg3 Bg6 20. Qb2 Ne4 21. Bf4 Bf6 22. Nce5 Nxe5 23. Nxe5 Nc3 24. Rd2 Nxe2+ 25. Rxe2 Rd8 26. Rd2 Qb8 27. Rxd8+ Qxd8 28. Qe2 Be4 29. f3 Bd5 30. e4 Bb3 31. Qd3 Qxd3 32. Nxd3 Bd4+ 33. Kh2 b6 34. Bc7 Kf8 35. Kg3 Ke7 36. Be5 Bxe5+ 37. Nxe5 f6 38. Nd3 Kd6 39. Kf4 Bc4 40. e5+ Kd5 41. exf6 gxf6 42. Nf2 Bf1 43. g4 Kc4 44. Ne4 f5 45. Nd2+ Kd3 46. Nxf1 1-0


[Site "https://www.chess.com"]

[Event "Titled Tuesday Blitz November 08 Late 2022"]
[White "Rosenberg, Evan S"]
[Black "Preotu, Razvan"]
[WhiteFideId "2019299"]
[BlackFideId "2613280"]
[WhiteElo "2398"]
[BlackElo "2407"]
[Result "0-1"]
[Round "01"]
[TimeControl "180+1"]
[Date "2022.11.09"]
[WhiteClock "0:00:10"]
[BlackClock "0:00:44"]

1. d4 Nf6 2. Nf3 g6 3. Nc3 d5 4. Bf4 Bg7 5. Nb5 Na6 6. e3 O-O 7. h3 Ne4 8. Be2 c6 9. Nc3 Qa5 10. O-O Nxc3 11. bxc3 Qxc3 12. Bxa6 bxa6 13. Rb1 Bf5 14. Rb7 Rfe8 15. Ne5 f6 16. Nd3 e5 17. dxe5 fxe5 18. Bg3 Rad8 19. Rxa7 d4 20. exd4 e4 21. Rxg7+ Kxg7 22. Be5+ Kg8 23. d5 Rxe5 24. Nxe5 Qxe5 25. c4 cxd5 26. cxd5 Qxd5 27. Qa4 Qd3 28. Re1 Qd2 29. Re3 Qd1+ 30. Qxd1 Rxd1+ 31. Kh2 Rd2 32. Ra3 Rxf2 33. Rxa6 e3 34. Kg3 Be4 35. Re6 Rxg2+ 36. Kf4 Bf5 37. Rxe3 Rxa2 38. Kg5 Kf7 39. Kh6 Rh2 40. Kxh7 Rxh3+ 41. Rxh3 Bxh3 42. Kh6 Kf6 0-1


[Site "https://www.chess.com"]

[Event "Titled Tuesday Blitz November 08 Late 2022"]
[White "Salman, Pavel"]
[Black "Firouzja, Alireza"]
[WhiteFideId "24153753"]
[BlackFideId "12573981"]
[WhiteElo "2187"]
[BlackElo "2903"]
[Result "0-1"]
[Round "01"]
[TimeControl "180+1"]
[Date "2022.11.08"]
[WhiteClock "0:00:12"]
[BlackClock "0:00:16"]

1. Nf3 d5 2. g3 Nf6 3. Bg2 e6 4. O-O Be7 5. d3 O-O 6. Nbd2 b6 7. e4 dxe4 8. dxe4 Ba6 9. Re1 Nc6 10. e5 Nd5 11. c3 Qc8 12. Qc2 Rd8 13. Ne4 h6 14. g4 Bf8 15. g5 h5 16. g6 fxg6 17. Neg5 Nde7 18. Nh4 Bd3 19. Qb3 Nd5 20. a3 Na5 21. Qa4 c5 22. Rd1 Ne7 23. Bf4 c4 24. Bxa8 Qxa8 25. Nxe6 Rc8 26. Nxf8 Rxf8 27. Bg3 Qd5 28. Rd2 Nb3 29. Rxd3 Qxd3 30. Qxa7 Nd5 31. Re1 g5 32. Ng2 h4 33. Nxh4 gxh4 34. Bxh4 Nd2 35. Qd7 Nf3+ 36. Kh1 Nxe1 37. Qe6+ Kh8 38. Bg3 Qf3+ 39. Kg1 Qg2# 0-1


[Site "https://www.chess.com"]

[Event "Titled Tuesday Blitz November 08 Late 2022"]
[White "Sanchez, Robert"]
[Black "Fernandez De La Vara, Arnaldo"]
[WhiteFideId "2034360"]
[BlackFideId "3518388"]
[WhiteElo "2356"]
[BlackElo "2387"]
[Result "0-1"]
[Round "01"]
[TimeControl "180+1"]
[Date "2022.11.09"]
[WhiteClock "0:00:09"]
[BlackClock "0:00:11"]

1. e4 c5 2. Nf3 e6 3. d4 cxd4 4. Nxd4 a6 5. Bd3 Nf6 6. Nc3 Qc7 7. Be3 d6 8. O-O Nbd7 9. Nb3 b5 10. a3 Bb7 11. f4 g6 12. f5 Bg7 13. fxe6 fxe6 14. Nd4 Nc5 15. Bxb5+ axb5 16. Ndxb5 Qc6 17. Nxd6+ Ke7 18. Nxb7 Nxb7 19. e5 Nd5 20. Bg5+ Ke8 21. Ne4 Rf8 22. Qg4 Kd7 23. c4 Nb6 24. Rfd1+ Kc7 25. Nd6 Bxe5 26. Nb5+ Kb8 27. Kh1 Qxc4 28. Nd4 Bxd4 29. Rac1 Bc3 30. Qg3+ Ka7 31. bxc3 Nd5 32. h3 Rf5 33. Rb1 Raf8 34. Kh2 Rxg5 35. Qxg5 Qf4+ 36. Qxf4 Rxf4 37. Re1 Rf6 38. c4 Nb6 39. Rbc1 Nc5 40. Red1 Kb7 41. Rb1 Kc7 42. Rb5 Rf5 43. Rdb1 Ncd7 44. Rxf5 gxf5 45. Re1 Kd6 46. Kg3 Nxc4 47. Rd1+ Ke7 48. a4 Ndb6 49. Rb1 Nxa4 50. Rb7+ Kf6 51. Rxh7 Nc5 52. Rh6+ Kg5 53. Rh8 Ne4+ 54. Kf3 Ned2+ 55. Kf2 e5 56. g3 e4 57. Rg8+ Kf6 58. Rf8+ Ke5 59. Re8+ Kd4 60. h4 e3+ 61. Ke2 Ne4 62. Kf3 Ncd2+ 63. Ke2 Nxg3+ 64. Ke1 Nf3+ 65. Kd1 e2+ 66. Rxe2 Nxe2 67. Kxe2 Nxh4 68. Kf2 Ke4 0-1


[Site "https://www.chess.com"]

[Event "Titled Tuesday Blitz November 08 Late 2022"]
[White "Sarana, Alexey"]
[Black "Budisavljevic, Luka"]
[WhiteFideId "24133795"]
[BlackFideId "960047"]
[WhiteElo "2708"]
[BlackElo "2424"]
[Result "1-0"]
[Round "01"]
[TimeControl "180+1"]
[Date "2022.11.08"]
[WhiteClock "0:00:05"]
[BlackClock "0:00:08"]

1. c4 Nf6 2. Nc3 e6 3. e4 d5 4. cxd5 exd5 5. e5 Ne4 6. Nf3 Be7 7. Be2 O-O 8. d4 c5 9. O-O Nc6 10. Bf4 Be6 11. Rc1 Rc8 12. Bd3 Bf5 13. dxc5 Bxc5 14. Qe2 Nxc3 15. bxc3 Bxd3 16. Qxd3 Ne7 17. Bg5 h6 18. Bxe7 Bxe7 19. Nd4 Qa5 20. Nf5 Ba3 21. Qg3 g6 22. Nxh6+ Kh7 23. Nxf7 Bxc1 24. Rxc1 Qa3 25. Ng5+ Kg8 26. Rc2 Rc6 27. Qh3 Qe7 28. Qe3 Rb6 29. h4 Rf5 30. f4 Rf8 31. Kh2 Rc6 32. g3 Rc4 33. Qd3 Kg7 34. Qxd5 Rfc8 35. Qd3 Kh6 36. e6 Qd8 37. Nf7+ 1-0


[Site "https://www.chess.com"]

[Event "Titled Tuesday Blitz November 08 Late 2022"]
[White "Shankland, Sam"]
[Black "Ibadov, Dashgyn"]
[WhiteFideId "2004887"]
[BlackFideId "24107514"]
[WhiteElo "2612"]
[BlackElo "2208"]
[Result "1/2-1/2"]
[Round "01"]
[TimeControl "180+1"]
[Date "2022.11.08"]
[WhiteClock "0:01:54"]
[BlackClock "0:00:09"]

1. d4 Nf6 2. c4 c5 3. d5 d6 4. Nc3 g6 5. e4 Bg7 6. Nf3 O-O 7. Be2 e6 8. O-O exd5 9. exd5 Bg4 10. h3 Bxf3 11. Bxf3 Nbd7 12. Bf4 Ne5 13. Bxe5 dxe5 14. Re1 Ne8 15. Ne4 Nd6 16. Nxc5 Rc8 17. Ne4 Rxc4 18. Qb3 Rd4 19. Rac1 f5 20. Nc5 e4 21. Ne6 Qh4 22. g3 Qxh3 23. Bg2 Qg4 24. Rc7 Rf7 25. Rxf7 Kxf7 26. Rc1 Rd3 27. Qa4 Bf6 28. Bh3 Rxg3+ 29. fxg3 Qxg3+ 30. Bg2 Qe3+ 31. Kh2 Qxc1 32. Qd7+ Be7 33. Nd8+ Kf8 34. Ne6+ Kf7 35. Nd8+ Kf8 36. Ne6+ Kf7 1/2-1/2


[Site "https://www.chess.com"]

[Event "Titled Tuesday Blitz November 08 Late 2022"]
[White "Shapiro, Daniel"]
[Black "Thomforde-Toates, Noah"]
[WhiteFideId "2001780"]
[BlackFideId "30951992"]
[WhiteElo "2295"]
[BlackElo "2627"]
[Result "0-1"]
[Round "01"]
[TimeControl "180+1"]
[Date "2022.11.09"]
[WhiteClock "0:00:01"]
[BlackClock "0:00:27"]

1. d4 Nf6 2. c4 g6 3. Nc3 Bg7 4. e4 d6 5. Be2 O-O 6. Nf3 e5 7. O-O exd4 8. Nxd4 Re8 9. f3 c6 10. Kh1 Nbd7 11. Bg5 Qb6 12. Nb3 a5 13. Rb1 a4 14. Nc1 a3 15. b4 h6 16. Bh4 Nh5 17. Bf2 Qd8 18. Rb3 Nf4 19. Bg3 Be5 20. Nd3 Nxd3 21. Qxd3 Bxg3 22. hxg3 Ne5 23. Qd4 Be6 24. f4 c5 25. bxc5 Nc6 26. Qxd6 Na5 27. Qxd8 Rexd8 28. Rxa3 Nxc4 29. Rxa8 Rxa8 30. f5 Ne3 31. Rf3 Ng4 32. fxe6 fxe6 33. Bc4 Ne5 34. Bxe6+ Kg7 35. Rf1 Ra3 36. Nb5 Re3 37. Nd6 h5 0-1


[Site "https://www.chess.com"]

[Event "Titled Tuesday Blitz November 08 Late 2022"]
[White "Silva, Caio Henrique Angelico"]
[Black "Romanchuk, Viktor"]
[WhiteFideId "22777210"]
[BlackFideId "14109271"]
[WhiteElo "1990"]
[BlackElo "2242"]
[Result "1/2-1/2"]
[Round "01"]
[TimeControl "180+1"]
[Date "2022.11.09"]
[WhiteClock "0:00:07"]
[BlackClock "0:00:08"]

1. Nf3 d5 2. g3 c6 3. Bg2 Bg4 4. O-O Nd7 5. d4 e6 6. c4 Bd6 7. Nc3 Ngf6 8. Qb3 Rb8 9. cxd5 exd5 10. a4 a5 11. Qc2 O-O 12. Bf4 Qe7 13. Bxd6 Qxd6 14. Rad1 Rfe8 15. e3 Ne4 16. Rc1 Bf5 17. Nh4 Qf6 18. Nxf5 Qxf5 19. Nxe4 dxe4 20. f3 Qg5 21. f4 Qd5 22. Qc4 Nb6 23. Qc5 Nxa4 24. Qxd5 cxd5 25. b3 Nb6 26. Rc5 Rec8 27. Rxa5 Rc3 28. Rb5 Nd7 29. Re1 Nf6 30. h3 Kf8 31. g4 h6 32. g5 hxg5 33. fxg5 Ng8 34. Rxd5 Rxb3 35. Bxe4 b5 36. Rd7 Ne7 37. d5 Ke8 38. Rc7 Rd8 39. Rd1 Rxe3 40. Bg2 Nf5 41. d6 Nxd6 42. Bc6+ Kf8 43. Bxb5 Rg3+ 44. Kh2 Rxg5 45. Bf1 Re5 46. Bg2 Re7 47. Rc6 Re6 48. Rd2 Ke7 49. Rc7+ Rd7 50. Rcc2 Ne4 51. Rxd7+ Kxd7 52. Ra2 Nd6 53. Ra7+ Ke8 54. Ra8+ Ke7 55. Ra7+ Kf6 56. Ra6 Nf5 57. Ra5 g6 58. Bf1 Ne3 59. Bd3 Re7 60. Ra6+ Re6 61. Rxe6+ Kxe6 62. Kg3 Ke5 63. Bb1 Nd5 64. Kf3 Kf6 65. h4 Ne7 66. Kg4 Nf5 67. Bxf5 gxf5+ 68. Kf4 Kg6 69. h5+ Kxh5 70. Kxf5 Kh6 71. Kf6 Kh7 72. Kxf7 1/2-1/2


[Site "https://www.chess.com"]

[Event "Titled Tuesday Blitz November 08 Late 2022"]
[White "Sivakumar, Shaaketh"]
[Black "Beerdsen, Thomas"]
[WhiteFideId "30940176"]
[BlackFideId "1030108"]
[WhiteElo "2174"]
[BlackElo "2567"]
[Result "0-1"]
[Round "01"]
[TimeControl "180+1"]
[Date "2022.11.09"]
[WhiteClock "0:01:45"]
[BlackClock "0:02:34"]

1. d4 h6 2. e4 g5 3. Nc3 Bg7 4. Be3 c5 5. d5 d6 6. Nge2 Nf6 7. f3 a6 8. Qd2 b5 9. a4 b4 10. Nb1 Nbd7 11. Nc1 Ne5 12. c4 bxc3 13. Nxc3 Rb8 14. Bd3 Nh5 15. O-O Nf4 16. Bxf4 gxf4 17. Qxf4 Rxb2 18. Ra3 Rg8 19. Re1 Nxd3 20. Nxd3 Bd4+ 21. Kh1 Rbxg2 22. Ne2 Qa5 23. Rc1 Rxe2 24. Qxh6 Qe1+ 25. Rxe1 Rxe1+ 26. Nxe1 Rg1# 0-1


[Site "https://www.chess.com"]

[Event "Titled Tuesday Blitz November 08 Late 2022"]
[White "Sohal, Tanraj"]
[Black "Martinez Alcantara, Jose Eduardo"]
[WhiteFideId "2608499"]
[BlackFideId "3805662"]
[WhiteElo "2200"]
[BlackElo "2705"]
[Result "0-1"]
[Round "01"]
[TimeControl "180+1"]
[Date "2022.11.08"]
[WhiteClock "0:01:43"]
[BlackClock "0:02:02"]

1. d4 Nf6 2. Nf3 e6 3. g3 b5 4. Bg2 Bb7 5. O-O Be7 6. b3 d5 7. Bb2 O-O 8. Nbd2 Nbd7 9. c4 bxc4 10. bxc4 Rb8 11. c5 c6 12. Qa4 Qc8 13. Bc3 Ba6 14. Rfe1 Bb5 15. Qa3 Ne4 16. Nxe4 dxe4 17. Nd2 f5 18. e3 Nf6 19. Nb3 Nd5 20. Bd2 Rf7 21. Rab1 Bd8 22. Nc1 Rfb7 23. Ne2 Bc4 24. Rxb7 Qxb7 25. Ba5 Qa6 26. Rc1 Bxe2 0-1


[Site "https://www.chess.com"]

[Event "Titled Tuesday Blitz November 08 Late 2022"]
[White "Sourath Biswas"]
[Black "Da Matta, Eduardo Cesar"]
[WhiteFideId "35091484"]
[BlackFideId "2193108"]
[WhiteElo "2164"]
[BlackElo "1981"]
[Result "1-0"]
[Round "01"]
[TimeControl "180+1"]
[Date "2022.11.09"]
[WhiteClock "0:01:54"]
[BlackClock "0:00:41"]

1. d4 d5 2. Bf4 c5 3. e3 Nc6 4. Nf3 Bf5 5. c3 e6 6. Qb3 Qb6 7. Qxb6 axb6 8. Bb5 Nf6 9. Ne5 Rc8 10. Nxc6 bxc6 11. Ba6 Rd8 12. Bc7 Rd7 13. Bxb6 cxd4 14. cxd4 Bb4+ 15. Ke2 O-O 16. a3 Bd6 17. b4 e5 18. Nd2 exd4 19. Bxd4 Ng4 20. h3 Ne5 21. f4 Ng6 22. g4 Be4 23. Nxe4 dxe4 24. Rhc1 Bxf4 25. Rxc6 Be5 26. Rd1 Bxd4 27. Rxd4 Nf4+ 28. Kd2 Rxd4+ 29. exd4 Nxh3 30. Rc8 Nf2 31. Rxf8+ Kxf8 32. Bb7 e3+ 33. Kxe3 Nxg4+ 34. Kf4 Nf6 35. a4 Ke7 36. a5 Ne8 37. a6 Nc7 38. a7 1-0


[Site "https://www.chess.com"]

[Event "Titled Tuesday Blitz November 08 Late 2022"]
[White "Stoyanov, Tsvetan"]
[Black "Ansh M Shah"]
[WhiteFideId "2917173"]
[BlackFideId "25033379"]
[WhiteElo "2349"]
[BlackElo "2084"]
[Result "1-0"]
[Round "01"]
[TimeControl "180+1"]
[Date "2022.11.09"]
[WhiteClock "0:01:34"]
[BlackClock "0:01:09"]

1. e4 c6 2. c4 d5 3. cxd5 cxd5 4. exd5 Nf6 5. Bb5+ Bd7 6. Bc4 a6 7. a4 g6 8. Nf3 Bg7 9. Nc3 O-O 10. O-O Bg4 11. h3 Bf5 12. Qb3 Nbd7 13. d4 Rc8 14. Ne5 Nb6 15. Be2 Nbxd5 16. Qxb7 Nxc3 17. bxc3 Rxc3 18. Nc6 Qd7 19. Nxe7+ Kh8 20. Qxd7 Nxd7 21. Nxf5 gxf5 22. Bxa6 Bxd4 23. Bb2 Rc6 24. Bxd4+ 1-0


[Site "https://www.chess.com"]

[Event "Titled Tuesday Blitz November 08 Late 2022"]
[White "Suder, Jakub"]
[Black "Rose, Felix"]
[WhiteFideId "1195310"]
[BlackFideId "5105722"]
[WhiteElo "2243"]
[BlackElo "2039"]
[Result "1-0"]
[Round "01"]
[TimeControl "180+1"]
[Date "2022.11.09"]
[WhiteClock "0:00:33"]
[BlackClock "0:00:18"]

1. d4 d5 2. c4 e6 3. Nc3 Nf6 4. cxd5 exd5 5. Bg5 c6 6. e3 Be7 7. Bd3 Nbd7 8. Nge2 h6 9. Bh4 Nh5 10. Bxe7 Qxe7 11. Qc2 Nb6 12. O-O-O Be6 13. Kb1 O-O-O 14. Rc1 Kb8 15. Na4 Qb4 16. Nc5 Nc4 17. Ka1 Nd6 18. Nc3 Qa5 19. Qb3 Rhe8 20. N3a4 Ka8 21. Qc2 Bc8 22. a3 Nf6 23. b4 Qc7 24. Kb2 Nfe4 25. Bxe4 Nxe4 26. Nxe4 dxe4 27. Nc5 f5 28. g3 g5 29. h4 Qg7 30. hxg5 hxg5 31. Qc3 Rh8 32. a4 Rxh1 33. Rxh1 Rh8 34. Rxh8 Qxh8 35. b5 cxb5 36. axb5 Qf6 37. Nxe4 Qd8 38. Nc5 f4 39. gxf4 gxf4 40. e4 Bg4 41. f3 Bh3 42. d5 Qb6 43. Qc4 Bg2 44. Nd3 a5 45. Ne5 Qf2+ 46. Qc2 Qd4+ 47. Qc3 Qa4 48. b6 Qb5+ 49. Qb3 Qe2+ 50. Ka3 Qe3 51. d6 Qc5+ 52. Ka2 Qxe5 53. Qg8+ 1-0


[Site "https://www.chess.com"]

[Event "Titled Tuesday Blitz November 08 Late 2022"]
[White "Svane, Rasmus"]
[Black "Yi, Richard"]
[WhiteFideId "4657101"]
[BlackFideId "2079518"]
[WhiteElo "2674"]
[BlackElo "2147"]
[Result "1-0"]
[Round "01"]
[TimeControl "180+1"]
[Date "2022.11.08"]
[WhiteClock "0:00:38"]
[BlackClock "0:00:02"]

1. Nf3 Nf6 2. g3 g6 3. Bg2 Bg7 4. O-O O-O 5. d4 d6 6. Re1 Nc6 7. d5 Ne5 8. Nxe5 dxe5 9. c4 Rb8 10. Nc3 e6 11. e4 Qe7 12. Be3 b6 13. Rc1 Rd8 14. Qa4 a5 15. h3 Bd7 16. Qc2 Ra8 17. Red1 a4 18. Nb5 Ne8 19. Nxc7 Rab8 20. c5 bxc5 21. Bxc5 Qf6 22. dxe6 Bxe6 23. Nd5 Bxd5 24. Rxd5 Rxd5 25. exd5 Nd6 26. Qxa4 Rxb2 27. Qc6 Bf8 28. a4 Qg5 29. Be3 Qd8 30. Qc7 Qe8 31. a5 Nf5 32. Bb6 Nd4 33. Re1 Qb5 34. Rxe5 Qd3 35. Re1 Qd2 36. Rf1 Ne2+ 37. Kh2 Qb4 38. Qe5 Bd6 39. Qf6 Nf4 40. Bd4 1-0


[Site "https://www.chess.com"]

[Event "Titled Tuesday Blitz November 08 Late 2022"]
[White "Swiercz, Dariusz"]
[Black "Veiga, Jose Francisco R P Neves"]
[WhiteFideId "1126881"]
[BlackFideId "1930087"]
[WhiteElo "2627"]
[BlackElo "2320"]
[Result "1-0"]
[Round "01"]
[TimeControl "180+1"]
[Date "2022.11.08"]
[WhiteClock "0:00:12"]
[BlackClock "0:00:16"]

1. d4 Nf6 2. Bg5 d5 3. e3 c5 4. Bxf6 gxf6 5. dxc5 e6 6. c4 dxc4 7. Qxd8+ Kxd8 8. Bxc4 Bxc5 9. Nf3 Bd7 10. Nc3 Ke7 11. Ke2 a6 12. Rhd1 b5 13. Bd3 Bc6 14. Be4 f5 15. Bxc6 Nxc6 16. Rac1 Rhc8 17. Nd5+ exd5 18. Rxc5 Nb4 19. Rxc8 Rxc8 20. a3 Rc2+ 21. Rd2 Rxd2+ 22. Kxd2 Nc6 23. Kc3 Kd6 24. Nd4 Ne7 25. Kb4 Nc6+ 26. Nxc6 Kxc6 27. Kc3 Kc5 28. b4+ Kc6 29. Kd4 Kd6 30. h3 h6 31. g3 h5 32. f3 f6 33. e4 dxe4 34. fxe4 Ke6 35. exf5+ Kxf5 36. Kd5 Kg6 37. Kc5 f5 38. Kd5 Kg5 39. Ke5 h4 40. gxh4+ Kxh4 41. Kxf5 Kxh3 42. Ke5 Kg3 43. Kd5 Kf3 44. Kc5 Ke3 45. Kb6 Kd4 46. Kxa6 Kc4 47. Ka5 Kb3 48. Kxb5 Kxa3 49. Kc5 1-0


[Site "https://www.chess.com"]

[Event "Titled Tuesday Blitz November 08 Late 2022"]
[White "Tan, Ralph"]
[Black "Pakleza, Zbigniew"]
[WhiteFideId "30966590"]
[BlackFideId "1119290"]
[WhiteElo "2059"]
[BlackElo "2411"]
[Result "1/2-1/2"]
[Round "01"]
[TimeControl "180+1"]
[Date "2022.11.09"]
[WhiteClock "0:00:21"]
[BlackClock "0:00:02"]

1. Nf3 d5 2. g3 Nf6 3. Bg2 Bf5 4. O-O e6 5. Nh4 Be4 6. f3 Bg6 7. d4 c5 8. c3 Nc6 9. Nxg6 hxg6 10. Be3 Qb6 11. Qd2 Be7 12. Bf2 O-O 13. a4 cxd4 14. cxd4 Na5 15. Qc2 Rfc8 16. Nc3 Nc4 17. Rab1 Bb4 18. e4 Qa5 19. exd5 exd5 20. Qd3 b6 21. f4 Nxb2 22. Rxb2 Bxc3 23. Rb5 Qxa4 24. Bxd5 Nxd5 25. Rxd5 Qc6 26. Re5 Qc4 27. Qe3 Rd8 28. Rd1 b5 29. f5 gxf5 30. Rxf5 b4 31. Kg2 b3 32. Rc5 Qxc5 33. dxc5 Rxd1 34. Qxc3 Rb8 35. c6 b2 36. c7 b1=Q 37. c8=Q+ Rxc8 38. Qxc8+ Kh7 39. Qh3+ Kg6 40. Qg4+ Kf6 41. Bd4+ Ke7 42. Qg5+ Kd7 43. Qd5+ Kc7 44. Qc5+ Kd7 45. Qd5+ Ke7 46. Bc5+ Kf6 47. Bd4+ Rxd4 48. Qxd4+ Kg6 49. Qxa7 Qc2+ 50. Qf2 Qxf2+ 51. Kxf2 Kg5 52. Kf3 f6 53. h3 Kf5 54. Ke3 Ke5 55. Kf3 g6 56. Ke3 f5 57. Kf3 g5 58. Ke3 Kd5 59. Kd3 Ke5 60. Ke3 Kd5 61. Kd3 Ke5 62. Ke3 1/2-1/2


[Site "https://www.chess.com"]

[Event "Titled Tuesday Blitz November 08 Late 2022"]
[White "Ter-Sahakyan, Samvel"]
[Black "Kirillov, Dmitry"]
[WhiteFideId "13302531"]
[BlackFideId "34180572"]
[WhiteElo "2584"]
[BlackElo "2095"]
[Result "1-0"]
[Round "01"]
[TimeControl "180+1"]
[Date "2022.11.08"]
[WhiteClock "0:00:03"]
[BlackClock "0:00:01"]

1. d4 d5 2. c4 e6 3. Nf3 c6 4. Nc3 dxc4 5. e4 b5 6. Be2 Bb4 7. O-O Nf6 8. e5 Nd5 9. Ne4 h6 10. b3 cxb3 11. axb3 O-O 12. Bd2 Be7 13. Ba5 Qe8 14. Qc2 Bb7 15. Nc5 Qc8 16. Rfc1 Bxc5 17. Qxc5 Nd7 18. Qc2 a6 19. Bd3 Qe8 20. Be4 Rc8 21. b4 Qe7 22. Qd2 N7b6 23. Bd3 Nd7 24. Re1 f5 25. exf6 Qxf6 26. Ra3 Rce8 27. Bb1 e5 28. Qc2 exd4 29. Rd1 Nf4 30. Qh7+ Kf7 31. Ba2+ Nd5 32. h3 Ne5 33. Nxe5+ Rxe5 34. Rf3 Qxf3 35. gxf3 Rg5+ 36. Kh1 Ke7 37. Qe4+ Kd6 38. Qxd4 Rf6 39. Qe4 Re6 40. Qf4+ Ke7 41. Bxd5 cxd5 42. Qc7+ Kf6 43. Qxb7 Re2 44. Qc6+ Kf5 45. Bd8 Rg1+ 46. Kxg1 1-0


[Site "https://www.chess.com"]

[Event "Titled Tuesday Blitz November 08 Late 2022"]
[White "Thomas, Anysia"]
[Black "Taboas Rodriguez, Daniel"]
[WhiteFideId "670472"]
[BlackFideId "2208466"]
[WhiteElo "2069"]
[BlackElo "2329"]
[Result "0-1"]
[Round "01"]
[TimeControl "180+1"]
[Date "2022.11.09"]
[WhiteClock "0:00:10"]
[BlackClock "0:00:19"]

1. d4 Nf6 2. c4 g6 3. Nc3 Bg7 4. e4 d6 5. h3 O-O 6. Nf3 c5 7. d5 e6 8. Bd3 exd5 9. exd5 Re8+ 10. Be3 Bh6 11. O-O Bxe3 12. fxe3 Qe7 13. e4 Nbd7 14. Qd2 a6 15. a4 Ne5 16. Rae1 Nfd7 17. b3 Nxf3+ 18. Rxf3 Ne5 19. Rf2 Bd7 20. Ref1 Qh4 21. Bc2 Rf8 22. Rf4 Qg5 23. R4f2 Qxd2 24. Rxd2 b5 25. axb5 axb5 26. cxb5 Rfb8 27. Rf6 Rb6 28. Rdf2 Kg7 29. Kh2 Rd8 30. g4 Bxb5 31. Kg3 h6 32. Nd1 Bd7 33. Ne3 Be8 34. h4 Rb4 35. h5 Rd4 36. Bb1 c4 37. bxc4 Nxc4 38. Nxc4 Rxc4 39. hxg6 fxg6 40. Re6 Rc7 41. e5 dxe5 42. Rxe5 Rf7 43. Rxf7+ Bxf7 44. Re7 Kf6 45. Ra7 Rxd5 46. Ba2 Rd3+ 47. Kf4 g5+ 48. Ke4 Bg6# 0-1


[Site "https://www.chess.com"]

[Event "Titled Tuesday Blitz November 08 Late 2022"]
[White "Torres Boch, Jose Francisco"]
[Black "Hristodoulou, Panagiotis"]
[WhiteFideId "2278383"]
[BlackFideId "4214340"]
[WhiteElo "2073"]
[BlackElo "2272"]
[Result "1-0"]
[Round "01"]
[TimeControl "180+1"]
[Date "2022.11.09"]
[WhiteClock "0:00:16"]
[BlackClock "0:00:01"]

1. e4 e5 2. Nf3 Nc6 3. Bb5 g6 4. Nc3 Bg7 5. d4 Nxd4 6. Bc4 Nxf3+ 7. Qxf3 Nf6 8. Bg5 h6 9. Bh4 d6 10. h3 c6 11. O-O-O Qe7 12. g4 Be6 13. Bxe6 Qxe6 14. Qe3 Nd7 15. Kb1 Nb6 16. Qd3 Nc8 17. Bg3 O-O 18. f4 exf4 19. Bxf4 Re8 20. Rhe1 Nb6 21. Qxd6 Qxd6 22. Rxd6 Bxc3 23. bxc3 Kg7 24. Be3 Re7 25. Bd4+ Kg8 26. Bf6 Rd7 27. e5 Re8 28. Red1 Rc7 29. Bd8 Rc8 30. Bf6 Nc4 31. Rd7 Nxe5 32. Rxb7 Nc4 33. a4 g5 34. Rdd7 Re1+ 35. Ka2 Rf8 36. Rxa7 Re2 37. Kb3 Nd2+ 38. Kb4 Rb8+ 39. Rab7 1-0


[Site "https://www.chess.com"]

[Event "Titled Tuesday Blitz November 08 Late 2022"]
[White "Tymrakiewicz, Rafal"]
[Black "Rasulov, Vugar"]
[WhiteFideId "1108832"]
[BlackFideId "13402390"]
[WhiteElo "2138"]
[BlackElo "2509"]
[Result "0-1"]
[Round "01"]
[TimeControl "180+1"]
[Date "2022.11.09"]
[WhiteClock "0:00:13"]
[BlackClock "0:01:52"]

1. d4 Nf6 2. Bg5 d5 3. e3 c5 4. c3 Nc6 5. Nd2 Bf5 6. Qb3 Qd7 7. Ngf3 c4 8. Qd1 e6 9. Bxf6 gxf6 10. Nh4 Bg6 11. Nxg6 hxg6 12. e4 O-O-O 13. Qf3 f5 14. exd5 exd5 15. O-O-O Bh6 16. Kb1 Rhe8 17. g3 b5 18. Bg2 Kc7 19. h4 b4 20. h5 bxc3 21. bxc3 g5 22. g4 f4 23. Ka1 Bg7 24. Nb1 Qd6 25. Rhe1 Rxe1 26. Rxe1 Nxd4 27. cxd4 Bxd4+ 28. Nc3 Qa3 29. Re7+ Qxe7 0-1


[Site "https://www.chess.com"]

[Event "Titled Tuesday Blitz November 08 Late 2022"]
[White "Urazayev, Arystanbek"]
[Black "Malka, Samuel"]
[WhiteFideId "13709810"]
[BlackFideId "20643675"]
[WhiteElo "2441"]
[BlackElo "2462"]
[Result "1-0"]
[Round "01"]
[TimeControl "180+1"]
[Date "2022.11.09"]
[WhiteClock "0:00:31"]
[BlackClock "0:00:02"]

1. e4 c5 2. Nf3 Nc6 3. Bb5 e5 4. O-O Bd6 5. d4 cxd4 6. c3 a6 7. Bc4 Nf6 8. cxd4 Nxd4 9. Nxd4 exd4 10. e5 Bxe5 11. Re1 O-O 12. Rxe5 Qc7 13. Qxd4 d5 14. Na3 dxc4 15. Bg5 Ng4 16. Bf4 Nxe5 17. Bxe5 Qd7 18. Bxg7 Qxd4 19. Bxd4 b5 20. Nc2 Be6 21. a4 Rfd8 22. Bc3 bxa4 23. h3 Bd7 24. Ne3 Bb5 25. Ng4 Kf8 26. Re1 Re8 27. Bb4+ Kg7 28. Bc3+ Kf8 29. Rc1 Rad8 30. Bb4+ Kg7 31. Bc3+ Kf8 32. Nf6 Re2 33. Nxh7+ Kg8 34. Nf6+ Kf8 35. h4 Kg7 36. Kf1 Re6 37. g4 Rxf6 38. g5 Kg6 39. gxf6 Rh8 40. Ke2 Rxh4 41. Rg1+ Kf5 42. Rg7 Re4+ 43. Kd2 Ke6 44. Rg8 Rf4 45. Ke3 Rf5 46. Rb8 Rd5 47. Bd4 Kf5 48. Rb7 Rd7 49. Rb8 Kg6 50. f4 Kf5 51. Rg8 Rd6 52. Rg5+ Ke6 53. Re5+ Kd7 54. Re7+ Kc6 55. Rxf7 a3 56. bxa3 Ba4 57. Rf8 Kd5 58. f5 Bd7 59. f7 Bxf5 60. Rb8 Re6+ 61. Kf4 Re4+ 62. Kxf5 Rxd4 63. Rd8+ 1-0


[Site "https://www.chess.com"]